 Dungeon Crawl Stone Soup version 0.26-a0-739-gf55cbd344a (webtiles) character file.

Game seed: 17923714757989910575

14627 mhtbhm the Severer (level 11, -8/153 HPs)
             Began as a Minotaur Berserker on Nov 5, 2020.
             Was a High Priest of Trog.
             Killed by divine providence
             ... invoked by an orc high priest
              (16 damage)
             ... while paralysed by an orc sorcerer
             ... on level 2 of the Orcish Mines.
             The game lasted 00:17:19 (10429 turns).

mhtbhm the Severer (Minotaur Berserker)            Turns: 10429, Time: 00:17:19

Health: -8/153     AC: 17    Str: 24    XL:     11   Next: 91%
Magic:  10/10      EV:  2    Int:  4    God:    Trog [*****.]
Gold:   966        SH:  0    Dex: 11    Spells: 10/10 levels left

rFire    . . .     SeeInvis .   a - +3 broad axe
rCold    + . .     Faith    .   F - +0 kite shield
rNeg     . . .     Spirit   .   b - +3 chain mail of Freedom {rC+}
rPois    .         Reflect  .   (helmet restricted)
rElec    .         Harm     .   L - +0 cloak {Stlth+}
rCorr    .         Rampage  .   (no gloves)
MR       .....                  v - +0 pair of boots
Stlth    ..........             j - amulet of the acrobat
HPRegen  0.35/turn              l - +4 ring of evasion
MPRegen  0.12/turn              t - ring of flight

@: paralysed, berserking (expiring), lethally poisoned (-8 -> -22), lightly
drained
A: retaliatory headbutt, horns 2
a: Berserk, Trog's Hand, Brothers in Arms, Renounce Religion, Evoke Flight


You were on level 2 of the Orcish Mines.
You worshipped Trog.
Trog was extremely pleased with you.
You visited 2 branches of the dungeon, and saw 12 of its levels.

You collected 1416 gold pieces.
You spent 450 gold pieces at shops.

Inventory:

Hand Weapons
 a - a +3 broad axe (weapon)
Missiles
 d - 2 curare-tipped darts (quivered)
 g - a throwing net
Armour
 b - the +3 chain mail of Freedom (worn) {rC+}
   (You bought it in a shop on level 7 of the Dungeon)

   It protects you from cold.
 v - a +0 pair of boots (worn)
 F - a +0 kite shield (worn)
 L - a +0 cloak of stealth (worn)
Jewellery
 j - an amulet of the acrobat (around neck)
 l - a +4 ring of evasion (left hand)
 t - a ring of flight (right hand)
Wands
 c - a wand of iceblast (2)
 o - a wand of random effects (35)
 u - a wand of digging (2)
 x - a wand of enslavement (6)
 z - a wand of paralysis (9)
 A - a wand of polymorph (6)
Scrolls
 e - 3 scrolls of immolation
 f - 6 scrolls of remove curse
 k - a scroll of magic mapping
 p - 2 scrolls of teleportation
 q - a scroll of fear {unknown}
 r - a scroll of blinking
 s - a scroll of enchant armour {unknown}
 w - a scroll of random uselessness {unknown}
 y - a scroll of fog {unknown}
 C - a scroll of brand weapon {unknown}
 E - a scroll of vulnerability {unknown}
 J - 2 scrolls of amnesia {unknown}
 K - 2 scrolls of silence {unknown}
Potions
 h - 3 potions of lignification
 m - 4 potions of curing
 n - 4 potions of flight
 B - a potion of experience {unknown}
 D - a potion of degeneration {unknown}
 G - a potion of attraction {unknown}
 I - a potion of invisibility


   Skills:
 + Level 11.0(10.6) Fighting
 + Level 15.8(15.3) Axes
 + Level 10.6(10.2) Armour
 + Level 5.2(4.8) Dodging
 + Level 1.2(0.9) Stealth
 + Level 4.1(3.8) Shields
 + Level 1.2(0.9) Evocations


You had 10 spell levels left.
You didn't know any spells.
Your spell library was empty.

Dungeon Overview and Level Annotations

Branches:
Dungeon (10/15)            Temple (0/1) D:4             Orc (2/2) D:9
    Elf (0/3) Orc:2
   Lair: D:8-11

Altars:
Ashenzari
Cheibriados
Elyvilon
Fedhas
Kikubaaqudgha
Makhleb
Nemelex Xobeh
Okawaru
Sif Muna
Vehumet
Xom
Yredelemnul
The Shining One

Shops:
D:7 [   D:8 *   D:9 *


Innate Abilities, Weirdness & Mutations

You reflexively headbutt those who attack you in melee.
You have a pair of horns on your head.


Message History

The orange demon stings you from afar.
* * * LOW HITPOINT WARNING * * *
You are poisoned.
The orange demon poisons you!
The orc high priest hits you but does no damage.
The orc knight unwields a +0 arbalest.
The orc knight wields a +0 glaive.
The orc knight barely misses you.
You feel sick.
The orc warrior no longer looks unusually strong.
The soul eater draws from the surrounding life force!
* * * LOW HITPOINT WARNING * * *
The ice devil hits you!
* * * LOW HITPOINT WARNING * * *
The ice devil freezes you! You resist.
* * * LOW HITPOINT WARNING * * *
The orc sorcerer hits you but does no damage.
The orange demon stings you but does no damage.
The orc high priest calls down the wrath of Beogh upon you.
Beogh smites you!
You die...

..#### *....,,,,*
#........... #.##
#....§..÷**#...........
...#
#.......,,*#)..........
..##
#.....÷÷,,##)..........
...##
*#......,*#.)..#.......
....#
*#..4.####...##.......
...##
#.o433##....#........
#.##
**#oo4o))).##........
### ##@oo.((##.........
## ###4..##..........
.# #####........... ##
##.##....#..... #
#.......####..# #
##......# ####
##.....## ##....###
#....##


You could see an orc knight, a soul eater (summoned), 2 orc high priests, an
orange demon (summoned), 2 hellwings, an ice devil (summoned), a smoke demon
(summoned), an orc sorcerer (strong) and 2 orc warriors.

Vanquished Creatures
  A stone giant (Orc:2)
  An ettin (Orc:2)
  Fannar (Orc:1)
  A two-headed ogre (Orc:1)
  2 orc high priests (Orc:2)
  Pikel (D:7)
  3 orc knights (Orc:2)
  4 orc sorcerers
  An ugly thing (D:9)
  2 trolls
  Grinder (D:3)
  Prince Ribbit (D:9)
  A shadow (D:8)
  6 yaks (D:9)
  A wyvern (D:8)
  Menkaure (D:7)
  12 orc warriors
  4 black bears
  A sky beast (D:8)
  5 ogres
  2 phantoms (D:9)
  A lemure (D:7)
  A centaur (D:8)
  3 bullfrogs
  A big kobold (D:9)
  4 scorpions
  3 troll zombies (D:9)
  2 water moccasin skeletons (D:4)
  A howler monkey (D:7)
  A quasit (D:6)
  14 orc priests
  4 hounds
  2 centaur skeletons
  9 orc wizards
  Crazy Yiuf (D:3)
  Jessica (D:3)
  2 iguanas (D:8)
  4 worker ants
  4 ogre zombies (D:9)
  2 howler monkey skeletons
  4 gnolls
  13 adders
  3 shadow imps
  A white imp (D:6)
  2 ufetubi
  2 adder skeletons
  2 adder zombies
  3 worms
  4 dart slugs
  5 leopard geckos
  50 orcs
  3 giant cockroaches
  9 goblins
  7 hobgoblins
  6 jackals
  6 quokkas
  4 ball pythons
  7 bats
  11 frilled lizards
  2 goblin skeletons (D:9)
  4 goblin zombies (D:9)
  2 hobgoblin skeletons (D:9)
  2 hobgoblin zombies (D:9)
  2 jackal zombies
  13 kobolds
  A leopard gecko skeleton (D:4)
  A leopard gecko zombie (D:8)
  An orc skeleton (D:9)
  14 orc zombies (D:9)
  A quokka zombie (D:6)
  5 rats
  A spectral orc (D:3)
303 creatures vanquished.

Vanquished Creatures (collateral kills)
  A two-headed ogre zombie (D:9)
  An orc warrior (Orc:1)
  A centaur (D:9)
  An orc wizard (D:9)
  An orc (D:9)
5 creatures vanquished.

Vanquished Creatures (others)
  2 orc wizards (Orc:2)
2 creatures vanquished.

Grand Total: 310 creatures vanquished

Notes
Turn   | Place    | Note
-------+----------+-------------------------------------------
     0 | D:1      | mhtbhm the Minotaur Berserker began the quest for the Orb.
     0 | D:1      | Reached XP level 1. HP: 19/19 MP: 0/0
   160 | D:1      | Reached skill level 4 in Axes
   160 | D:1      | Reached XP level 2. HP: 18/27 MP: 1/1
   805 | D:2      | Reached XP level 3. HP: 27/33 MP: 2/2
   872 | D:2      | Reached ** piety under Trog
  1245 | D:3      | Noticed Jessica
  1248 | D:3      | Killed Jessica
  1262 | D:3      | Reached skill level 5 in Axes
  1262 | D:3      | Reached XP level 4. HP: 32/41 MP: 3/3
  1474 | D:3      | Found a basalt altar of Yredelemnul.
  1516 | D:3      | Noticed Grinder
  1526 | D:3      | Paralysed by Grinder for 4 turns
  1540 | D:3      | Killed Grinder
  1540 | D:3      | Reached skill level 6 in Axes
  1540 | D:3      | Reached XP level 5. HP: 13/47 MP: 4/4
  1540 | D:3      | Reached XP level 6. HP: 15/55 MP: 5/5
  1839 | D:3      | Found a runed translucent door.
  1840 | D:3      | Noticed Crazy Yiuf
  1990 | D:3      | Reached *** piety under Trog
  2023 | D:3      | Reached skill level 5 in Fighting
  2377 | D:3      | Killed Crazy Yiuf
  2481 | D:4      | Reached skill level 7 in Axes
  2594 | D:4      | Reached XP level 7. HP: 53/61 MP: 6/6
  2670 | D:4      | Found a staircase to the Ecumenical Temple.
  3059 | D:5      | Entered Level 5 of the Dungeon
  3148 | D:5      | Reached skill level 8 in Axes
  3216 | D:5      | Reached **** piety under Trog
  3565 | D:5      | Found a white marble altar of Elyvilon.
  3565 | D:5      | Found a shimmering blue altar of Sif Muna.
  4062 | D:6      | Reached skill level 5 in Armour
  4062 | D:6      | Reached XP level 8. HP: 70/70 MP: 7/7
  4330 | D:6      | Reached skill level 9 in Axes
  4687 | D:7      | Found Gyxunex's Antique Armour Shoppe.
  4702 | D:7      | Bought a steaming chain mail for 218 gold pieces
  4707 | D:7      | Identified the +3 chain mail of Freedom {rC+} (You bought
                  | it in a shop on level 7 of the Dungeon)
  4787 | D:7      | Noticed Pikel
  4807 | D:7      | Killed Pikel
  4807 | D:7      | Reached skill level 10 in Axes
  4807 | D:7      | Reached skill level 1 in Stealth
  5028 | D:7      | Reached XP level 9. HP: 56/78 MP: 8/8
  5150 | D:7      | Noticed Menkaure
  5157 | D:7      | Killed Menkaure
  5238 | D:7      | Found an iron altar of Okawaru.
  5678 | D:8      | Found a burning altar of Makhleb.
  5725 | D:8      | Reached ***** piety under Trog
  5810 | D:8      | Reached skill level 11 in Axes
  6001 | D:8      | Noticed a troll
  6007 | D:8      | Killed a troll
  6202 | D:8      | Found Sem Del's Elemental Accessories.
  6283 | D:9      | Found a staircase to the Orcish Mines.
  6290 | D:9      | Noticed a green ugly thing
  6305 | D:8      | Reached skill level 12 in Axes
  6362 | D:9      | Received a gift from Trog
  6374 | D:9      | Killed a green ugly thing
  6374 | D:9      | Reached skill level 5 in Dodging
  6374 | D:9      | Reached XP level 10. HP: 88/88 MP: 9/9
  6688 | D:9      | Found an ancient bone altar of Kikubaaqudgha.
  6705 | D:9      | Reached skill level 13 in Axes
  6733 | D:9      | Found a glowing golden altar of the Shining One.
  6787 | D:9      | Found an ancient bone altar of Kikubaaqudgha.
  6789 | D:9      | Found a sparkling altar of Nemelex Xobeh.
  6789 | D:9      | Found a snail-covered altar of Cheibriados.
  6790 | D:9      | Found a radiant altar of Vehumet.
  6790 | D:9      | Found a blossoming altar of Fedhas.
  6832 | D:9      | Found a shimmering altar of Xom.
  6832 | D:9      | Found a broken altar of Ashenzari.
  6941 | D:9      | Noticed Prince Ribbit
  6946 | D:9      | Killed Prince Ribbit
  7047 | D:9      | Found Tiux's Assorted Antiques.
  7063 | D:9      | Bought an embroidered cloak for 232 gold pieces
  7080 | D:10     | Entered Level 10 of the Dungeon
  7280 | Orc:1    | Entered Level 1 of the Orcish Mines
  7281 | Orc:1    | Noticed a two-headed ogre
  7294 | Orc:1    | Killed a two-headed ogre
  7294 | Orc:1    | Reached skill level 1 in Shields
  7376 | Orc:1    | Noticed an orc sorcerer
  7378 | Orc:1    | Noticed a rust devil
  7381 | Orc:1    | Noticed a rust devil
  7384 | Orc:1    | Reached skill level 14 in Axes
  7387 | Orc:1    | Killed an orc sorcerer
  7505 | Orc:1    | Noticed Fannar
  7536 | Orc:1    | Killed Fannar
  7536 | Orc:1    | Reached XP level 11. HP: 46/99 MP: 10/10
  7757 | Orc:1    | Noticed an orc sorcerer
  7776 | Orc:1    | Noticed a soul eater
  7777 | Orc:1    | Killed an orc sorcerer
  8194 | Orc:2    | Entered Level 2 of the Orcish Mines
  8203 | Orc:2    | Noticed a stone giant
  8416 | Orc:2    | Killed a stone giant
  8416 | Orc:2    | Reached skill level 10 in Fighting
  8554 | Orc:2    | Reached skill level 10 in Armour
  8752 | Orc:2    | Found a staircase to the Elven Halls.
  9108 | Orc:2    | Noticed an orc knight
  9118 | Orc:2    | Killed an orc knight
  9192 | Orc:2    | Reached skill level 15 in Axes
  9341 | Orc:2    | Noticed an orc high priest
  9355 | Orc:2    | Noticed an ettin
  9367 | Orc:2    | Killed an orc high priest
  9368 | Orc:2    | Killed an ettin
  9368 | Orc:2    | Reached skill level 1 in Evocations
  9872 | Orc:2    | Noticed an orc knight
  9877 | Orc:2    | Noticed an orc sorcerer
  9879 | Orc:2    | Paralysed by an orc sorcerer for 5 turns
  9888 | Orc:2    | Killed an orc sorcerer
  9891 | Orc:2    | Killed an orc knight
  9893 | Orc:2    | Noticed an orc knight
  9893 | Orc:2    | Noticed an orc sorcerer
  9893 | Orc:2    | Noticed an orc knight
  9893 | Orc:2    | Noticed an orc high priest
  9893 | Orc:2    | Noticed an orc high priest
 10112 | Orc:2    | Noticed an orc sorcerer
 10112 | Orc:2    | Noticed an orc high priest
 10119 | Orc:2    | Killed an orc knight
 10121 | Orc:2    | Killed an orc high priest
 10419 | Orc:2    | Noticed a soul eater
 10419 | Orc:2    | Noticed a sun demon
 10423 | Orc:2    | Killed an orc sorcerer
 10424 | Orc:2    | Paralysed by an orc sorcerer for 7 turns
 10429 | Orc:2    | Killed from afar by an orc high priest

Illustrated notes

Levels and vault maps discovered:
D:1:      lemuel_arrival_cross, layout_rooms, hangedman_decor_lopped
D:2:      minmay_evil_eye, layout_basic, st_stairs_9
D:3:      layout_basic, yredelemnul_forgotten_temple_becter, minmay_bisected,
          uniq_grinder, uniq_jessica, uniq_crazy_yiuf_cottage
D:4:      layout_basic, minmay_temple_entry_hall
D:5:      layout_basic, gammafunk_temple_overflow_statue
D:6:      layout_loops_ring
D:7:      layout_loops_cross, okawaru_altar_gauntlet_db, serial_shops, shop,
          uniq_menkaure, uniq_pikel
D:8:      layout_basic, bloody_makhleb, nicolae_elemental_shop
D:9:      layout_cave_pools, grunt_temple_overflow_open, zombieorc2_lemuel,
          basic_altar, serial_shops, shop, uniq_prince_ribbit1
D:10:     layout_gridville
Orc:1:    layout_caves, uniq_fannar
Orc:2:    grunt_orc_tribal_feast, layout_caves

Skill      XL: |  1  2  3  4  5  6  7  8  9 10 11 |
---------------+----------------------------------+-----
Axes           | 4 5 6 7 8 10 12 14 15 | 15.8
Fighting       | 4 5 6 8 9 11 | 11.0
Armour         | 3 4 5 7 8 9 10 | 10.6
Dodging        | 3 4 5 |  5.2
Stealth        | 1 |  1.2
Shields        | 2 4 |  4.1
Evocations     | 1 |  1.2

Action                   |  1- 3 |  4- 6 |  7- 9 | 10-12 || total
-------------------------+-------+-------+-------+-------++-------
Melee: Hand axe          |    54 |   104 |   118 |       ||   276
       Headbutt          |     9 |    19 |    64 |    47 ||   139
       War axe           |       |       |   198 |    23 ||   221
       Broad axe         |       |       |       |   205 ||   205
Invok: Berserk           |       |     2 |     3 |    10 ||    15
       Brothers in Arms  |       |       |       |     2 ||     2
Evoke: Wand              |       |       |     3 |     7 ||    10
  Use: Scroll            |       |     1 |     6 |     8 ||    15
       Potion            |       |       |       |     2 ||     2
Armor: Leather armour    |    11 |     1 |       |       ||    12
       Scale mail        |       |    35 |     5 |       ||    40
       Chain mail        |       |       |   127 |    93 ||   220
Dodge: Dodged            |    37 |    87 |   286 |   131 ||   541
Block: Kite shield       |       |       |       |    83 ||    83

Table legend: (Time is in decaauts)
 A = Elapsed time spent in this place.
 B = Non-inter-level travel time spent in this place.
 C = Inter-level travel time spent in this place.
 D = Time resting spent in this place.
 E = Time spent auto-exploring this place.
 F = Levels seen in this place.
 G = Mean time per level.
                   A        B        C        D        E       F      G
               +--------+--------+--------+--------+--------+-----+--------+
         Total |  10535 |  10355 |    180 |   2590 |   5042 |  12 |  877.9 |
       Dungeon |   7619 |   7439 |    180 |   1267 |   4722 |  10 |  761.9 |
  Orcish Mines |   2915 |   2915 |      0 |   1322 |    320 |   2 | 1457.5 |
               +--------+--------+--------+--------+--------+-----+--------+

Top non-repeatable levels by time:
   Orc:2: 2081 daAuts
     D:3: 1234 daAuts
     D:9: 1024 daAuts
     D:8: 965 daAuts
     D:7: 964 daAuts
     D:5: 961 daAuts
   Orc:1: 833 daAuts
     D:1: 689 daAuts
     D:6: 634 daAuts
     D:4: 594 daAuts
     D:2: 548 daAuts
    D:10: 1 daAuts
